 Dungeon Crawl Stone Soup version 0.24.1 (webtiles) character file.

Game seed: 15398627820695880793, levelgen mode: deterministic

57703 nightchill the Cruncher (level 14, -13/82 HPs)
             Began as a Gargoyle Venom Mage on Mar 26, 2020.
             Was a High Priest of Okawaru.
             Killed from afar by a hellion (34 damage)
             ... with damnation
             ... on level 2 of the Abyss on Mar 28, 2020.
             The game lasted 01:52:30 (25199 turns).

nightchill the Cruncher (Gargoyle Venom Mage)      Turns: 25199, Time: 01:52:31

Health: -13/82     AC: 25    Str: 13 (15) XL:     14   Next: 87%
Magic:  15/17      EV: 31    Int: 14 (16) God:    Okawaru [*****.]
Gold:   746        SH:  0    Dex:  9 (10) Spells: 4/17 levels left

rFire    . . .     SeeInvis +   b - +7 lajatang of Order {silver, rMut}
rCold    + . .     Gourm    .   (shield currently unavailable)
rNeg     + . .     Faith    .   F - +2 robe {rC+}
rPois    ∞         Spirit   .   L - +2 hat
rElec    +         Reflect  .   i - +2 cloak
rCorr    .         Harm     .   k - +0 pair of gloves
rMut     +         Rnd*Rage +   X - +2 pair of boots {Stlth+}
MR       +....                  V - amulet of the acrobat
Stlth    ++++......             N - +2 ring of dexterity
HPRegen  0.23/turn              P - ring of see invisible
MPRegen  0.15/turn

@: heroism, berserk cooldown, acrobat, slowed, very slow
A: big wings, [berserk 2], [clumsy 1], [deterioration 1], [frail 1], [low mp 2],
negative energy resistance 1, [screaming 2], electricity resistance, [weak 1],
unbreathing, petrification resistance, rot immunity, AC +10
a: Fly, Heroism, Finesse, Renounce Religion


You were on level 2 of the Abyss.
You worshipped Okawaru.
Okawaru was extremely pleased with you.
You were not hungry.

You visited 3 branches of the dungeon, and saw 17 of its levels.
You visited the Abyss 1 time.
You also visited: Sewer.

You collected 1286 gold pieces.
You spent 540 gold pieces at shops.

Inventory:

Hand Weapons
 a - a +5 lajatang of flaming
 b - the +7 lajatang of Order (weapon) {silver, rMut}
   (Okawaru gifted it to you on level 4 of the Lair of Beasts)

   It protects you from mutation.
 D - a +3 quarterstaff of draining
Missiles
 B - 451 stones (quivered)
Armour
 i - a +2 cloak (worn)
 k - a +0 pair of gloves (worn)
 q - a scarf of cloud immunity
 u - a +2 robe of fire resistance
 F - a +2 robe of cold resistance (worn)
 K - a +1 scale mail of positive energy
 L - a +2 hat (worn)
 Q - a cursed +0 robe
 X - a +2 pair of boots of stealth (worn)
Jewellery
 e - an uncursed amulet of regeneration
 l - the amulet of Vehumet's Wrath {Regen+ Str+2 Int+2 Stlth+, unknown}
   (You found it on level 2 of the Abyss)

   [amulet of regeneration]

   It affects your strength (+2).
   It affects your intelligence (+2).
   It increases your rate of regeneration.
   It makes you more stealthy.
 N - a +2 ring of dexterity (left hand)
 P - a ring of see invisible (right hand)
 V - an amulet of the acrobat (around neck)
Wands
 w - a wand of acid (20)
 C - a wand of polymorph (18)
 H - a wand of scattershot (4)
 I - a wand of digging (6)
 J - a wand of random effects (15)
 R - a wand of flame (13)
 Y - a wand of clouds (7)
Scrolls
 f - a scroll of immolation {unknown}
 g - 4 scrolls of amnesia {unknown}
 h - a scroll of fear {unknown}
 j - a scroll of blinking
 n - 3 scrolls of teleportation
 o - 2 scrolls of fog {unknown}
 p - 2 scrolls of magic mapping {unknown}
 t - 10 scrolls of remove curse
 v - 4 scrolls of enchant armour {unknown}
 y - a scroll of noise
 O - a scroll of brand weapon
 W - a scroll of holy word {unknown}
Potions
 m - 2 potions of berserk rage
 r - 4 potions of agility
 s - 3 potions of mutation
 z - 6 potions of curing
 A - 2 potions of flight
 G - a potion of haste
 M - 2 potions of cancellation
 S - 4 potions of resistance
 T - a potion of magic
 Z - 2 potions of might
Comestibles
 c - 34 rations


   Skills:
 + Level 12.9(17.9) Fighting
   Level 3.0(14.7) Maces & Flails
 - Level 13.9(19.0) Staves
 + Level 5.1(10.1) Armour
 + Level 4.3(9.3) Dodging
 - Level 2.1(7.1) Stealth
 - Level 2.0 Spellcasting
 - Level 4.0 Conjurations
 + Level 4.0 Translocations
 - Level 12.0 Poison Magic
 + Level 10.6 Invocations


You had 4 spell levels left.
You knew the following spells:

 Your Spells              Type           Power        Failure   Level  Hunger
a - Sting                 Conj/Pois      ###.         1%          1    ##.....
b - Poisonous Vapours     Pois/Air       ###...       3%          2    ###....
c - Animate Skeleton      Necr           N/A          24%         1    ##.....
d - Olgreb's Toxic Radia  Pois           #####...     1%          4    #####..
e - Mephitic Cloud        Conj/Pois/Air  ###.....     8%          3    ####...
f - Blink                 Tloc           N/A          7%          2    ###....

Your spell library contained the following spells:

 Spells                   Type           Power        Failure   Level  Hunger
 Apportation              Tloc           ##....       4%          1    ##.....
 Magic Dart               Conj           ##..         4%          1    ##.....
 Searing Ray              Conj           ##....       7%          2    ###....
 Gell's Gravitas          Tloc           ##........   14%         3    ####...
 Lesser Beckoning         Tloc           ##........   14%         3    ####...
 Teleport Other           Tloc           ##......     14%         3    ####...
 Shroud of Golubria       Chrm/Tloc      #.....       16%         2    ###....
 Confusing Touch          Hex            #.....       24%         1    ##.....
 Pain                     Necr           #...         24%         1    ##.....
 Summon Small Mammal      Summ           #...         24%         1    ##.....
 Dazzling Spray           Conj/Hex       #.....       30%         3    ####...
 Force Lance              Conj/Tloc      ##......     41%         4    #####..
 Iskenderun's Mystic Bla  Conj           ##......     41%         4    #####..
 Passage of Golubria      Tloc           N/A          41%         4    #####..
 Regeneration             Chrm/Necr      #.........   56%         3    ####...
 Vampiric Draining        Necr           #.........   56%         3    ####...
 Fulminant Prism          Conj/Hex       #.........   71%         4    #####..
 Animate Dead             Necr           N/A          93%         4    #####..
 Venom Bolt               Conj/Pois      ###.......   24%         5    ######.


Dungeon Overview and Level Annotations

Branches:
Dungeon (10/15)            Temple (1/1) D:5            Lair (6/6) D:9
 Shoals (0/4) Lair:4        Snake (0/4) Lair:4        Slime (0/5) Lair:5
    Orc (0/2) D:9           Sewer (visited)

Altars:
Ashenzari
Cheibriados
Dithmenos
Elyvilon
Fedhas
Gozag
Hepliaklqana
Kikubaaqudgha
Makhleb
Nemelex Xobeh
Okawaru
Qazlal
Ru
Sif Muna
Trog
Uskayaw
Vehumet
Wu Jian
Xom
Yredelemnul
Zin
The Shining One
Jiyva

Shops:
D:5 %   D:8 %[==(   D:9 *   D:10 =

Annotations:
D:1 exclusion: downstairs
D:2 Terence
D:3 exclusion: skeleton
D:8 exclusion: downstairs
Lair:1 3 runed translucent doors, Kuidesed's ghost, journeyman DrCj
Lair:2 exclusion: 2 oklob plants
Lair:3 Rupert
Lair:5 exclusion: downstairs
Lair:6 exclusion: 2 doors


Innate Abilities, Weirdness & Mutations

You are resistant to torment.
Your stone body is resilient. (AC +10)
You are immune to poison.
Your large and strong wings let you fly indefinitely.
You resist negative energy. (rN+)
You are resistant to electric shocks. (rElec)
You can survive without breathing.
You are immune to petrification.
You are immune to rotting.
[You often lose your temper in combat.]
[You are clumsy. (Dex -2)]
[Your body sometimes deteriorates upon taking damage.]
[You are frail. (-10% HP)]
[Your magical capacity is very low. (-20% MP)]
[You sometimes yell uncontrollably at your foes.]
[You are weak. (Str -2)]


Message History

You destroy the anaconda skeleton!
Okawaru accepts your kill.
You feel the corruption within you wane somewhat.
Your system completely accepts the healing effects of potions.
You feel a little less angry.
You feel robust.
You feel agile.
You feel more energetic.
You feel a strong urge to attack something.
Found 20 gold pieces.
Found 64 gold pieces.
You feel your anger nearly subside.
You are no longer berserk.
You are exhausted.
You feel yourself slow down.
An ancient zyme comes into view.
The hellion gestures at you.
The sphere of damnation explodes!
The damnation engulfs you!
* * * LOW HITPOINT WARNING * * *
Your body deteriorates!
You feel dopey. The hellion gestures at you.
The sphere of damnation explodes!
The damnation engulfs you!!
You die...

######. ## .##
............... ..#
.............. ..##
..§.......#. ....# #
#.........###.....
#.##....2......$$....
#
............#.......
#.#
#.....#..@........
.#. .#
#.........#....... .
#
###...†.....#.#....#
.#.#. #...)......#.#
.#.# .#.#. #
##.......... ... .#.#
## #.#....##.# ## .
....####......# .#
......'....##.### .#
##... ### ####


You could see a hellion.

Vanquished Creatures
  Nessos (Lair:5)
  A dire elephant (Lair:6)
  Josephine (D:10)
  6 hydras
  A great orb of eyes (Abyss:2)
  A two-headed ogre (D:9)
  5 death yaks (Lair:4)
  A wretched star (Abyss:2)
  A fire crab (shapeshifter) (Abyss:2)
  Pikel (D:4)
  An anaconda skeleton (Abyss:2)
  A necromancer (D:10)
  A worldbinder (Abyss:2)
  8 black mambas
  17 elephants
  Joseph (D:9)
  18 spiny frogs
  9 komodo dragons
  3 rime drakes (Lair:6)
  An ancient zyme (Abyss:2)
  A troll (D:10)
  7 polar bears
  Grinder (D:5)
  10 blink frogs
  A hornet (D:7)
  5 dream sheep (Lair:6)
  13 hippogriffs
  4 flying skulls (D:10)
  2 large abominations (Abyss:2)
  4 shadows (D:10)
  44 yaks
  2 wyverns
  A human (D:7)
  Eustachio (D:5)
  A wraith (D:10)
  3 basilisks
  3 hogs (D:7)
  A neqoxec (Abyss:2)
  13 water moccasins
  A naga (Lair:4)
  10 porcupines
  2 sky beasts
  5 orc warriors
  3 slaves (D:4)
  5 ogres
  2 black bears
  6 phantoms
  A wolf (Lair:4)
  An eye of draining (D:9)
  A centaur (D:6)
  15 crocodiles
  Blork the orc (D:6)
  16 bullfrogs
  4 scorpions
  3 troll zombies (D:9)
  7 wights
  2 electric eels (Lair:5)
  4 crimson imps
  6 howler monkeys
  4 centaur zombies
  5 centaur skeletons
  11 orc wizards
  Crazy Yiuf (D:6)
  4 orc priests
  6 hounds
  6 bullfrog skeletons
  5 iguanas
  7 worker ants
  2 killer bee zombies (D:10)
  5 ogre zombies (D:9)
  2 hound zombies (D:10)
  A hound skeleton (D:9)
  2 worker ant zombies (D:10)
  A gnoll (D:6)
  16 adders
  A shadow imp (D:9)
  9 oozes
  6 adder skeletons
  3 worms
  A dart slug (D:3)
  9 leopard geckos
  35 orcs
  8 bats
  13 giant cockroaches
  4 goblins
  11 hobgoblins
  14 jackals
  6 kobolds
  5 quokkas
  13 ball pythons
  11 frilled lizards
  2 goblin skeletons (D:9)
  4 goblin zombies (D:9)
  A hobgoblin skeleton (D:9)
  2 orc skeletons (D:9)
  16 orc zombies (D:9)
  A quokka skeleton (D:8)
  10 rats
  A plant (Lair:2)
555 creatures vanquished.

Vanquished Creatures (collateral kills)
  A bullfrog (Sewer)
  3 oozes (Sewer)
  2 leopard geckos (Sewer)
  4 giant cockroaches
  A goblin (D:2)
  2 ball pythons
  A frilled lizard (Sewer)
  4 rats (D:3)
18 creatures vanquished.

Vanquished Creatures (others)
  A bush (Lair:6)
  34 fungi
  46 plants
81 creatures vanquished.

Grand Total: 654 creatures vanquished

Notes
Turn   | Place    | Note
-------+----------+-------------------------------------------
     0 | D:1      | nightchill the Gargoyle Venom Mage began the quest for the
                  | Orb.
     0 | D:1      | Reached XP level 1. HP: 10/10 MP: 3/3
   305 | D:1      | Reached XP level 2. HP: 11/16 MP: 0/5
   394 | D:1      | Reached skill level 1 in Fighting
   580 | D:1      | Learned a level 2 spell: Poisonous Vapours
   996 | D:1      | Reached XP level 3. HP: 17/20 MP: 6/6
  1793 | D:2      | Learned a level 1 spell: Animate Skeleton
  2494 | D:2      | Noticed Terence
  2681 | D:2      | HP: 1/21 [worm (8)]
  3133 | D:3      | Reached XP level 4. HP: 22/26 MP: 4/7
  3364 | D:3      | Found a glowing drain.
  3377 | Sewer    | Entered a sewer
  3588 | Sewer    | Reached XP level 5. HP: 31/31 MP: 8/8
  3594 | Sewer    | Learned a level 4 spell: Olgreb's Toxic Radiance
  3693 | Sewer    | Reached skill level 1 in Maces & Flails
  3775 | Sewer    | Reached skill level 5 in Poison Magic
  3916 | Sewer    | Reached XP level 6. HP: 30/37 MP: 4/9
  4775 | D:3      | Reached XP level 7. HP: 42/42 MP: 10/10
  5095 | D:4      | Noticed Pikel
  5144 | D:4      | Killed Pikel
  5144 | D:4      | Reached skill level 3 in Staves
  5144 | D:4      | Reached XP level 8. HP: 48/48 MP: 1/11
  5411 | D:4      | Found a basalt altar of Yredelemnul.
  5828 | D:5      | Entered Level 5 of the Dungeon
  5860 | D:5      | Found Umnos's Food Emporium.
  5896 | D:5      | Reached skill level 5 in Fighting
  5946 | D:5      | Found a staircase to the Ecumenical Temple.
  5956 | D:5      | Reached skill level 4 in Staves
  5986 | Temple   | Entered the Ecumenical Temple
  6031 | Temple   | Became a worshipper of Warmaster Okawaru
  6553 | D:5      | Noticed Grinder
  6559 | D:5      | Paralysed by Grinder for 7 turns
  6567 | D:5      | Killed Grinder
  6567 | D:5      | Reached skill level 5 in Staves
  6624 | D:5      | Reached * piety under Okawaru
  6675 | D:5      | Reached XP level 9. HP: 55/55 MP: 12/12
  6767 | D:5      | Noticed Eustachio
  6782 | D:5      | Killed Eustachio
  6782 | D:5      | Reached skill level 6 in Staves
  6985 | D:6      | Learned a level 3 spell: Mephitic Cloud
  7315 | D:6      | Reached ** piety under Okawaru
  7440 | D:6      | Found a runed translucent door.
  7441 | D:6      | Noticed Crazy Yiuf
  7453 | D:6      | Killed Crazy Yiuf
  7564 | D:6      | Noticed Blork the orc
  7601 | D:6      | Reached skill level 7 in Staves
  8254 | D:6      | Killed Blork the orc
  8318 | D:7      | Noticed a hornet
  8326 | D:7      | Killed a hornet
  8326 | D:7      | Reached XP level 10. HP: 58/63 MP: 9/13
  8326 | D:7      | Reached skill level 8 in Staves
  8891 | D:7      | Reached *** piety under Okawaru
  9137 | D:8      | Found Celifat's Jewellery Shoppe.
  9188 | D:8      | Found Xudih's Jewellery Boutique.
  9193 | D:8      | Found Neb Acw's Antique Weapon Shoppe.
  9299 | D:8      | Reached skill level 9 in Staves
  9446 | D:8      | Found Tiss's Armour Shoppe.
  9498 | D:8      | Found Kaxzecsa's Food Boutique.
  9603 | D:8      | Found a sparkling altar of Nemelex Xobeh.
  9736 | D:9      | Found Ysuruass's Assorted Antiques.
  9747 | D:9      | Noticed Joseph
  9767 | D:9      | Killed Joseph
  9767 | D:9      | Reached **** piety under Okawaru
  9767 | D:9      | Reached skill level 1 in Invocations
  9769 | D:9      | Noticed a two-headed ogre
  9999 | D:9      | Killed a two-headed ogre
 10141 | D:9      | Reached XP level 11. HP: 61/69 MP: 14/14
 10218 | D:9      | Reached skill level 10 in Staves
 10250 | D:9      | Reached ***** piety under Okawaru
 10536 | D:9      | Received a gift from Okawaru
 10816 | D:9      | Found a staircase to the Lair.
 10874 | D:9      | Found a staircase to the Orcish Mines.
 11004 | D:9      | Found an ancient bone altar of Kikubaaqudgha.
 11150 | D:8      | Bought an uncursed ring of see invisible for 180 gold
                  | pieces
 11201 | D:10     | Entered Level 10 of the Dungeon
 11458 | D:10     | Reached skill level 11 in Staves
 11545 | D:8      | Bought an uncursed amulet of the acrobat for 360 gold
                  | pieces
 11795 | D:10     | Found Touxzic's Jewellery Boutique.
 11883 | D:10     | Noticed a necromancer
 11902 | D:10     | Reached skill level 10 in Poison Magic
 11923 | D:10     | Noticed Josephine
 11974 | D:10     | Received a gift from Okawaru
 11978 | D:10     | Reached skill level 5 in Invocations
 11990 | D:10     | Got a scorched great sword {god gift}
 11997 | D:10     | Killed Josephine
 12207 | D:10     | Killed a necromancer
 12207 | D:10     | Reached XP level 12. HP: 77/77 MP: 13/16
 12869 | D:10     | Identified the +10 great sword "Louduq" {vamp, Int+5}
                  | (Okawaru gifted it to you on level 10 of the Dungeon)
 12919 | Lair:1   | Entered Level 1 of the Lair of Beasts
 12979 | Lair:1   | Reached skill level 10 in Fighting
 13453 | Lair:1   | Found a runed translucent gate.
 13656 | Lair:1   | Found a runed translucent gate.
 13656 | Lair:1   | Found a runed translucent gate.
 13657 | Lair:1   | Noticed a death ooze
 13658 | Lair:1   | Found a viscous altar of Jiyva.
 13658 | Lair:1   | Noticed Kuidesed's ghost (journeyman DrCj)
 14000 | Lair:1   | Reached skill level 12 in Staves
 14639 | Lair:2   | Reached ****** piety under Okawaru
 15075 | Lair:2   | Noticed an eight-headed hydra
 15096 | Lair:2   | Killed a three-headed hydra
 15096 | Lair:2   | Received a gift from Okawaru
 16746 | Lair:3   | Found a basalt altar of Yredelemnul.
 16862 | Lair:3   | Noticed Rupert
 16897 | Lair:3   | Paralysed by Rupert for 7 turns
 17200 | Lair:4   | Noticed a seven-headed hydra
 17209 | Lair:4   | Killed a one-headed hydra
 17209 | Lair:4   | Reached skill level 13 in Staves
 17209 | Lair:4   | Reached XP level 13. HP: 75/84 MP: 15/18
 17904 | Lair:4   | Found a staircase to the Snake Pit.
 18179 | Lair:4   | Received a gift from Okawaru
 18180 | Lair:4   | Found the +7 lajatang of Order {silver, rMut}
 19064 | Lair:4   | Found a staircase to the Shoals.
 19655 | Lair:4   | Received a gift from Okawaru
 20774 | Lair:5   | Reached skill level 1 in Armour
 20796 | Lair:5   | Gained mutation: Your large and strong wings let you fly
                  | indefinitely. [Gargoyle growth]
 20796 | Lair:5   | Reached XP level 14. HP: 28/92 MP: 21/21
 21058 | Lair:5   | Learned a level 2 spell: Blink
 21458 | Lair:5   | Reached skill level 1 in Translocations
 21677 | Lair:5   | Found a staircase to the Slime Pits.
 21678 | Lair:5   | Found a viscous altar of Jiyva.
 21860 | Lair:5   | Noticed Nessos
 21882 | Lair:5   | Killed Nessos
 22450 | Lair:6   | Entered Level 6 of the Lair of Beasts
 23085 | Lair:6   | Reached skill level 10 in Invocations
 23276 | Lair:6   | Received a gift from Okawaru
 23987 | Lair:6   | Noticed a dire elephant
 24004 | Lair:6   | Killed a dire elephant
 24621 | Lair:6   | Cast into level 2 of the Abyss (a wizard)
 24730 | Abyss:2  | Noticed a tentacled starspawn
 24876 | Abyss:2  | Found a corrupted altar of Lugonu.
 24882 | Abyss:2  | Found a corrupted altar of Lugonu.
 24909 | Abyss:2  | Noticed a white very ugly thing
 24910 | Abyss:2  | Found a bloodstained altar of Trog.
 24911 | Abyss:2  | Noticed a starcursed mass
 24943 | Abyss:2  | Got a translucent copper amulet
 24965 | Abyss:2  | Noticed a starcursed mass
 24987 | Abyss:2  | Noticed a tentacled starspawn
 24998 | Abyss:2  | Noticed a lich
 25007 | Abyss:2  | Noticed a quicksilver dragon
 25077 | Abyss:2  | Noticed a tentacled starspawn
 25184 | Abyss:2  | Reached skill level 5 in Armour
 25188 | Abyss:2  | Received a gift from Okawaru
 25199 | Abyss:2  | Killed from afar by a hellion

Levels and vault maps discovered:
D:1:      dpeg_arrival_water_altar, layout_basic
D:2:      layout_loops_ring, first_ration, kennysheep_cluttered_room,
          minivault_5, kennysheep_big_empty_room, uniq_terence
D:3:      minmay_razor_zed, layout_basic, portal_sewer_entry_e
D:4:      layout_loops_ring, yredelemnul_altar_generic, uniq_pikel
D:5:      layout_basic, minmay_temple_entry_hall, serial_shops, shop_coins,
          chequers_big_river, uniq_grinder, uniq_eustachio
D:6:      layout_cave_pools, minmay_divided_ellipse, uniq_blork_the_orc,
          uniq_crazy_yiuf_cottage
D:7:      layout_cave_pools, grunt_livestock, minmay_misc_feat_five
D:8:      layout_cave_pools, serial_shops, shop, shop, nicolae_shop_crystal,
          shop, shop_fountains, serial_column_ruins, column_ruins_temple_circle,
          column_ruins_circle_small, column_ruins_open_tiny,
          column_ruins_open_tiny, column_ruins_grid_1,
          column_ruins_columns_straight
D:9:      layout_cross, lemuel_round_altar, minmay_lair_entry_grove,
          zombieorc2_lemuel, serial_shops, nicolae_shop_crystal, uniq_joseph
D:10:     hangedman_screamer, layout_basic, serial_shops, nicolae_shop_crystal
Temple:   grunt_wide_crystal_templ
Lair:1:   layout_chaotic_city, gammafunk_ghost_ooze,
          grunt_forest_small_clearings, serial_bayou_ford_a
Lair:2:   layout_layer_cave, minivault_23, st_stairs_9, minivault_26,
          cheibrodos_lair_lostbears, minmay_lair_oklob_chamber
Lair:3:   layout_regular_city, basic_altar, uniq_rupert
Lair:4:   beast_lair_carwin_large_2, layout_regular_city,
          elwin_shoals_entry_rocks, guppyfry_snake_entry_island, nzn_random_ring
Lair:5:   layout_loops_ring, slime_altar_1, serial_bayou_shore_a,
          lemuel_fruit_tree, uniq_nessos
Lair:6:   evil_forest, layout_gridlike, serial_forest,
          infiniplex_forest_clump_large, infiniplex_forest_corner_2,
          infiniplex_forest_lined_room_2, infiniplex_forest_end_1,
          infiniplex_forest_clump_tiny, infiniplex_forest_side_room,
          infiniplex_forest_pool, infiniplex_forest_straight_1
Abyss:2:  base: D:1, hangedman_abyss_or_decor_stagger,
          evilmike_abyss_exit_glass, hangedman_decor_points

Skill      XL: |  1  2  3  4  5  6  7  8  9 10 11 12 13 14 |
---------------+-------------------------------------------+-----
Fighting       | 1 2 3 4 6 7 8 9 10 12 | 12.9
Poison Magic   | 4 5 6 7 8 9 10 11 12 | 12.0
Maces & Flails | 1 2 3 |  3.0
Staves         | 3 5 7 9 11 13 | 13.9
Conjurations   | 3 4 |  4.0
Invocations    | 2 5 7 9 10 | 10.6
Armour         | 1 5 |  5.1
Dodging        | 2 4 |  4.3
Translocations | 4 |  4.0
Stealth        | |  2.1
Spellcasting   | |  2.0

Action                   |  1- 3 |  4- 6 |  7- 9 | 10-12 | 13-15 || total
-------------------------+-------+-------+-------+-------+-------++-------
Melee: Unarmed           |    23 |       |       |       |       ||    23
       Short sword       |   102 |    10 |       |       |       ||   112
       Mace              |       |   207 |     4 |       |       ||   211
       Lajatang          |       |       |   316 |   833 |   539 ||  1688
Throw: Dart              |     1 |       |     1 |       |       ||     2
       Stone             |       |       |     7 |     3 |     1 ||    11
 Cast: Sting             |    22 |       |       |       |       ||    22
       Poisonous Vapours |    19 |    10 |     2 |       |       ||    31
       Animate Skeleton  |     2 |    14 |       |       |       ||    16
       Olgreb's Toxic Ra |       |     6 |    13 |    23 |     7 ||    49
       Mephitic Cloud    |       |       |     1 |     9 |     4 ||    14
Invok: Heroism           |       |       |     2 |     9 |    19 ||    30
       Finesse           |       |       |       |       |     1 ||     1
Evoke: Wand              |       |       |     2 |       |     4 ||     6
  Use: Scroll            |       |       |     7 |    16 |    10 ||    33
       Potion            |       |       |       |     1 |     3 ||     4
 Stab: Distracted        |     1 |     2 |       |     1 |       ||     4
       Sleeping          |     1 |       |     3 |     1 |     4 ||     9
       Confused          |       |       |     2 |     7 |       ||     9
  Eat: Chunk             |     6 |     8 |    15 |    24 |    23 ||    76
       Ration            |     1 |       |       |     3 |     2 ||     6
Armor: Robe              |    61 |   142 |   147 |   381 |   233 ||   964
Dodge: Dodged            |   129 |   141 |   186 |   435 |   393 ||  1284
